 Dungeon Crawl Stone Soup version 0.27.1-1-g398f81649c (webtiles) character file.

Game seed: 16986852135428765250

291 funkygono the Firebug (level 6, -3/33 HPs)
             Began as a Gargoyle Fire Elementalist on Sept 12, 2021.
             Slain by a killer bee (8 damage)
             ... on level 4 of the Dungeon.
             The game lasted 00:08:20 (4290 turns).

funkygono the Firebug (Gargoyle Fire Elementalist)  Turns: 4290, Time: 00:08:21

Health: -3/33      AC: 11    Str: 11    XL:     6   Next: 32%
Magic:  7/10       EV: 12    Int: 18    God:
Gold:   168        SH:  0    Dex: 10    Spells: 3/11 levels left

rFire    . . .     SeeInvis .   n - +4 whip (elec)
rCold    . . .     Faith    .   (no shield)
rNeg     + . .     Spirit   .   a - +2 robe
rPois    ∞         Reflect  .   (no helmet)
rElec    +         Harm     .   (no cloak)
rCorr    .         Rampage  .   (no gloves)
Will     .....                  f - +2 pair of boots
Stlth    ++........             (no amulet)
HPRegen  0.11/turn              (no ring)
MPRegen  0.12/turn              (no ring)

@: no status effects
A: sickness immunity, AC +4, negative energy resistance 1, electricity
resistance, torment resistance 1, petrification resistance
a: no special abilities


You were on level 4 of the Dungeon.
You visited 1 branch of the dungeon, and saw 4 of its levels.

You collected 168 gold pieces.

Inventory:

Hand Weapons
 l - a +0 whip of venom
 n - a +4 whip of electrocution (weapon)
Missiles
 d - 120 stones
Armour
 a - a +2 robe (worn)
 e - a +1 leather armour of poison resistance
 f - a +2 pair of boots (worn)
Scrolls
 h - a scroll of teleportation
 i - a scroll of identify
 k - a scroll of vulnerability {unknown}
Potions
 b - a potion of lignification {unknown}
 c - a potion of attraction {unknown}
Miscellaneous
 g - a piece from Xom's chessboard (15/15)


   Skills:
 + Level 0.3 Fighting
 + Level 2.4 Dodging
 - Level 2.1 Stealth
 * Level 3.1 Spellcasting
 * Level 3.1 Conjurations
 * Level 5.0 Fire Magic


You had 3 spell levels left.
You knew the following spells:

 Your Spells              Type           Power      Damage    Failure   Level
a - Foxfire               Conj/Fire      68%        2x1d7     3%          1
b - Conjure Flame         Conj/Fire      17%        6-21      9%          3
c - Sticky Flame          Conj/Fire      17%        2d4       30%         4

Your spell library contained the following spells:

 Spells                   Type           Power      Damage    Failure   Level
 Inner Flame              Hex/Fire       11%        N/A       17%         3
 Gell's Gravitas          Tloc           1%         N/A       43%         3
 Lesser Beckoning         Tloc           1%         N/A       43%         3
 Teleport Other           Tloc           2%         N/A       43%         3
 Fireball                 Conj/Fire      8%         3d6       63%         5
 Petrify                  Tmut/Erth      2%         N/A       85%         4
 Irradiate                Conj/Tmut      4%         3d15      93%         5
 Sublimation of Blood     Necr           Unusable   N/A       N/A         2

Dungeon Overview and Level Annotations

Branches:
Dungeon (4/15)
 Temple: D:4-7

Altars:
Qazlal
Xom


Innate Abilities, Weirdness & Mutations

You are immune to sickness and miasma.
Your stone body is resilient. (AC +4)
You are immune to poison.
You resist negative energy. (rN+)
You are resistant to electric shocks. (rElec)
You are resistant to unholy torment.
You are immune to petrification.


Message History

The killer bee barely misses you. The killer bee closely misses you.
The killer bee misses you. The killer bee barely misses you.
You see here the felid corpse of Natasha.
The killer bee closely misses you. The killer bee barely misses you.
The killer bee closely misses you. The killer bee stings you.
Your magical contamination has completely faded away.
The killer bee barely misses you.
A killer bee comes into view.
The killer bee stings you. The killer bee barely misses you.
The killer bee closely misses you.
You open the door.
The killer bee stings you but does no damage.
The killer bee stings you.
* * * LOW HITPOINT WARNING * * *
The killer bee misses you. The killer bee barely misses you.
The killer bee misses you. The killer bee closely misses you.
There is an open door here.
The killer bee stings you but does no damage.
The killer bee closely misses you. The killer bee completely misses you.
The killer bee barely misses you.
The killer bee stings you but does no damage.
The killer bee stings you but does no damage.
The killer bee closely misses you.
The killer bee stings you but does no damage. x2
The killer bee stings you.
* * * LOW HITPOINT WARNING * * *
You see here a ball python corpse.
You feel better.
The killer bee stings you but does no damage.
The killer bee stings you.
The killer bee stings you but does no damage.
The killer bee stings you but does no damage.
The killer bee closely misses you. The killer bee stings you.
* * * LOW HITPOINT WARNING * * *
The killer bee stings you but does no damage.
The killer bee stings you.
* * * LOW HITPOINT WARNING * * *
The killer bee stings you but does no damage.
The killer bee stings you!
You die...

....# #..........#
....# #..........#
...######......>...#
...##...#..........#
...##...+..........#
....#...#....#'#####
...##...######....#
...##...##........#
................@.#
...............yyy#
#..###..########yy#
######...#######†.#
...........#(.....#
.......P...#......#
#......P...'......#
#......P..##..##..#
....##.P..##..##..#


You could see 5 killer bees.

Vanquished Creatures
  A killer bee (D:4)
  A centaur skeleton (D:2)
  2 orc wizards (D:2)
  Natasha (D:4)
  A hound skeleton (D:4)
  A gnoll (D:1)
  5 adders
  5 worms
  A dart slug (D:4)
  3 orcs
  3 endoplasms
  4 giant cockroaches
  6 goblins
  4 jackals (D:2)
  3 quokkas
  7 ball pythons
  6 bats
  A frilled lizard (D:1)
  5 kobolds
  5 rats
  A toadstool (D:1)
66 creatures vanquished.

Vanquished Creatures (others)
  209 foxfires
  3 toadstools (D:1)
212 creatures vanquished.

Grand Total: 278 creatures vanquished

Notes
Turn   | Place    | Note
-------+----------+-------------------------------------------
     0 | D:1      | funkygono the Gargoyle Fire Elementalist began the quest
                  | for the Orb.
     0 | D:1      | Reached XP level 1. HP: 10/10 MP: 3/3
   539 | D:1      | Reached XP level 2. HP: 15/15 MP: 3/5
  1039 | D:1      | Reached XP level 3. HP: 9/19 MP: 2/6
  1211 | D:1      | Found a faded altar of an unknown god.
  1697 | D:2      | Reached skill level 4 in Fire Magic
  1701 | D:2      | Learned a level 3 spell: Conjure Flame
  1793 | D:2      | Reached XP level 4. HP: 24/24 MP: 3/7
  2238 | D:2      | Reached XP level 5. HP: 28/28 MP: 3/8
  2243 | D:2      | Learned a level 4 spell: Sticky Flame
  3519 | D:3      | Found a shimmering altar of Xom.
  4199 | D:4      | Noticed Natasha
  4203 | D:4      | Killed Natasha
  4204 | D:4      | Reached XP level 6. HP: 33/33 MP: 5/10
  4244 | D:4      | Found a stormy altar of Qazlal.
  4267 | D:4      | Reached skill level 5 in Fire Magic
  4290 | D:4      | Slain by a killer bee

Illustrated notes

Levels and vault maps discovered:
D:1:      ldierk_water_garden, layout_basic, shapermc_ecumenical_altar_petra,
          minmay_surrounded
D:2:      layout_basic
D:3:      minmay_spotlight, layout_basic, xom_butterflies, hangedman_glass_teeth
D:4:      layout_gridville, mainiacjoe_overflow_boulevard, uniq_natasha

Skill      XL: |  1  2  3  4  5  6 |
---------------+-------------------+-----
Fire Magic     | 4 5 |  5.0
Dodging        | 2 |  2.4
Conjurations   | 2 3 |  3.1
Spellcasting   | 3 |  3.1
Fighting       | |  0.3
Stealth        | |  2.1

Action                   |  1- 3 |  4- 6 || total
-------------------------+-------+-------++-------
Melee: Unarmed           |     1 |       ||     1
       Club              |     2 |       ||     2
       Whip              |       |    24 ||    24
 Cast: Foxfire           |    41 |    81 ||   122
       Conjure Flame     |       |     1 ||     1
  Use: Scroll            |       |    12 ||    12
       Potion            |       |     1 ||     1
Armor: Robe              |    17 |    30 ||    47
Dodge: Dodged            |    22 |    35 ||    57
